AoeStats
← ME_DEPRIME_JUGAR_CON_USTEDES

African Clearing

505982212Analyzed
4v4 RM · 20d ago on Sep 11, 2026· 69m 13s· 8 players
Game mode
Random Map
Map size
Large (8 player)
Population
200
Speed
Normal
Resources
Standard
Victory
Conquest
Starting age
Dark Age
Ending age
Imperial Age
RankedLock teamsTeams togetherTeam positionsShared explorationLock speedFull tech treeHidden civsTurbo modeCheats
Victory
Defeat
🇬🇧 Franks · United Kingdom
1567
+18
1556
+18
🇦🇷 Mongols · Argentina
1539
+19
🇸🇻 Vikings · El Salvador
1513
+20
🇨🇱 Turks · Chile
1687
-23
🇪🇸 Italians · Spain
1584
-18
🇪🇸 Gurjaras · Spain
1572
-17
🇪🇸 Sicilians · Spain
1557
-17
Frankie Fast Hands
12:59 Loom
15:05 Feudal Age
19:20 Castle Age
17:59 Double-Bit Axe
20:53 Fletching
36:01 Scale Mail Armor
36:12 Forging
37:32 Chain Mail Armor
40:09 Wheelbarrow
FutureEwe5582
13:00 Feudal Age
11:15 Loom
16:41 Castle Age
14:33 Double-Bit Axe
15:01 Horse Collar
15:47 Fletching
15:58 Padded Archer Armor
19:18 Bow Saw
20:38 Bodkin Arrow
28:01 Ballistics
27:34 Town Watch
29:32 Wheelbarrow
37:34 Imperial Age
35:15 Stone Mining
37:04 Hand Cart
37:20 Leather Archer Armor
38:25 Bracer
39:29 Chemistry
38:32 Husbandry
38:43 Bloodlines
40:55 Conscription
40:45 Scale Barding Armor
40:51 Forging
41:25 Heavy Plow
42:32 Elite Mangudai
43:38 Light Cavalry
44:39 Chain Barding Armor
44:54 Iron Casting
45:37 Town Patrol
45:40 Hussar
48:12 Blast Furnace
50:27 Thumb Ring
50:49 Parthian Tactics
52:45 Masonry
64:58 Capped Ram
67:53 Caravan
RohanAoE
4:28 Loom
14:09 Feudal Age
15:46 Double-Bit Axe
18:21 Castle Age
16:45 Man-at-Arms
18:02 Padded Archer Armor
18:03 Scale Mail Armor
18:20 Arson
18:28 Long Swordsman
23:40 Chain Mail Armor
30:41 Gambesons
34:10 Pikeman
34:52 Squires
38:03 Horse Collar
39:15 Bow Saw
39:10 Heavy Plow
43:38 Imperial Age
41:30 Forging
42:15 Chieftains
43:40 Two-Handed Swordsman
44:42 Conscription
44:57 Plate Mail Armor
44:39 Champion
46:00 Fletching
48:18 Iron Casting
50:35 Blast Furnace
51:32 Bodkin Arrow
53:32 Ballistics
53:14 Bracer
61:50 Chemistry
60:32 Treadmill Crane
61:44 Murder Holes
63:01 Padded Archer Armor
63:12 Masonry
63:40 Hoardings
65:04 Architecture
69:11 Gold Mining
69:11 Stone Mining
ME_DEPRIME_JUGAR_CON_USTEDES
12:08 Feudal Age
12:38 Double-Bit Axe
18:48 Loom
24:54 Castle Age
23:10 Horse Collar
23:27 Fletching
23:46 Gold Mining
23:46 Stone Mining
24:07 Fishing Lines
26:15 Bow Saw
26:04 Gillnets
26:50 Bodkin Arrow
28:18 Husbandry
31:11 Wheelbarrow
32:22 Padded Archer Armor
34:51 Ballistics
35:17 Hand Cart
38:48 Town Watch
39:37 Thumb Ring
42:16 Imperial Age
41:14 Light Cavalry
42:36 Medical Corps
42:49 Masonry
42:41 Stone Mining
42:46 Elite Elephant Archer
43:39 Bracer
45:55 Chemistry
49:23 Leather Archer Armor
48:52 Elite Skirmisher
49:03 Siege Elephant
56:07 Conscription
65:49 Ring Archer Armor
67:24 Scale Barding Armor
67:30 Forging
67:21 Scale Mail Armor
69:07 Chain Barding Armor
DK_Akutuhaburu
4:30 Loom
11:40 Feudal Age
12:15 Double-Bit Axe
12:58 Town Watch
15:33 Fletching
23:11 Castle Age
21:09 Horse Collar
21:57 Gold Mining
23:18 Crossbowman
23:54 Bodkin Arrow
25:41 Wheelbarrow
30:19 Ballistics
36:38 Bow Saw
39:06 Thumb Ring
40:43 Hand Cart
44:02 Imperial Age
43:57 Elite Skirmisher
45:45 Chemistry
44:45 Bracer
44:11 Arbalester
45:28 Conscription
45:30 Padded Archer Armor
47:04 Treadmill Crane
47:35 Masonry
48:04 Hoardings
48:23 Leather Archer Armor
49:21 Architecture
50:26 Ring Archer Armor
50:31 Coinage
53:08 Banking
52:48 Guilds
52:35 Onager
53:42 Pikeman
54:22 Squires
54:23 Scale Mail Armor
54:34 Forging
58:38 Two-Man Saw
59:22 Elite Genoese Crossbowman
61:37 Silk Road
DK_Nightclaim
7:36 Loom
11:48 Feudal Age
12:57 Double-Bit Axe
21:46 Castle Age
19:49 Horse Collar
21:13 Bloodlines
22:31 Forging
22:41 Scale Barding Armor
21:58 Light Cavalry
25:22 Iron Casting
26:55 Bow Saw
30:03 Fletching
30:55 Padded Archer Armor
31:53 Husbandry
32:37 Chain Barding Armor
32:49 Heavy Plow
36:58 Wheelbarrow
38:15 Hand Cart
38:43 Fishing Lines
43:34 Imperial Age
42:52 Kshatriyas
42:49 Gold Mining
43:59 Bodkin Arrow
43:35 Heavy Camel Rider
44:54 Plate Barding Armor
44:52 Conscription
44:20 Elite Skirmisher
45:47 Leather Archer Armor
45:27 Bodkin Arrow
48:41 Bracer
50:05 Chemistry
49:55 Ballistics
50:58 Coinage
52:47 Onager
DK_Exmerior
9:55 Loom
12:18 Feudal Age
13:39 Double-Bit Axe
19:36 Castle Age
18:04 Gold Mining
19:15 Horse Collar
19:45 Fletching
20:33 Bow Saw
22:15 Wheelbarrow
24:39 Heavy Plow
29:50 Scale Barding Armor
30:29 Bloodlines
32:32 Chain Barding Armor
32:57 Forging
33:07 Hand Cart
33:32 Husbandry
37:15 Imperial Age
36:53 Iron Casting
37:17 Cavalier
38:49 Crop Rotation
39:08 Plate Barding Armor
39:34 Conscription
40:33 Hauberk
41:59 Hoardings
42:41 Chemistry
42:45 Blast Furnace
43:37 Bodkin Arrow
43:42 Padded Archer Armor
44:06 Ballistics
46:10 Masonry
46:06 Siege Engineers
46:28 Bracer
46:43 Leather Archer Armor
47:12 Elite Skirmisher
48:54 Scale Mail Armor
50:25 Coinage
55:22 Light Cavalry
61:19 Town Watch
63:11 Elite Serjeant
65:37 First Crusade
65:35 Chain Mail Armor
66:52 Plate Mail Armor
DK_Partyman96
6:20 Loom
12:39 Feudal Age
13:24 Double-Bit Axe
17:56 Horse Collar
23:12 Castle Age
22:33 Gold Mining
23:44 Bloodlines
32:18 Padded Archer Armor
Connection lost

Rejoining the realm…

Still unreachable

The connection could not be restored.

Session expired

The server has moved on; the page needs a fresh start.